 Dungeon Crawl Stone Soup version 0.30-a0-726-gd89dcf765f (webtiles) character file.

Game seed: 14130100435742295056

505 Sabo the Conjurer (level 7, -12/42 HPs)
             Began as an Octopode Conjurer on Jan 30, 2023.
             Mangled by an ogre
             ... wielding a +0 giant spiked club
              (23 damage)
             ... on level 4 of the Dungeon.
             The game lasted 00:21:03 (4510 turns).

Sabo the Conjurer (Octopode Conjurer)               Turns: 4510, Time: 00:21:03

Health: -12/42     AC:  8    Str:  6    XL:     7   Next: 18%
Magic:  11/12      EV: 13    Int: 22    God:
Gold:   185        SH:  0    Dex: 11    Spells: 6/13 levels left

rFire   . . .      SeeInvis .    u - +2 mace (protect)
rCold   . . .      Faith    .    (no shield)
rNeg    . . .      Spirit   .    (helmet restricted)
rPois   .          Reflect  .    (no amulet)
rElec   .          Harm     .    n - ring of wizardry
rCorr   .          Rampage  .    (no ring)
Will    .....                    (no ring)
Stlth   +++                      (no ring)
HPRegen 0.27/turn                (no ring)
MPRegen 0.13/turn                (no ring)
                                 (no ring)
                                 (no ring)

@: under a protective aura
A: almost no armour, amphibious, 8 rings, camouflage 1, gelatinous body 1,
(nimble swimmer 1), tentacles
a: no special abilities


You were on level 4 of the Dungeon.
You visited 1 branch of the dungeon, and saw 4 of its levels.

You collected 185 gold pieces.

Inventory:

Hand Weapons
 s - a +0 dagger of protection
 t - a +0 sling
 u - a +2 mace of protection (weapon)
 x - a +1 flail of holy wrath
Missiles
 b - 12 poisoned darts (quivered)
Jewellery
 n - a ring of wizardry (left tentacle)
Scrolls
 e - 2 scrolls of amnesia
 i - a scroll of fear
 k - a scroll of fog
 m - 3 scrolls of poison
 o - a scroll of teleportation
 q - a scroll of blinking
 v - a scroll of noise {unknown}
 w - a scroll of enchant weapon {unknown}
Potions
 a - a potion of magic
 c - 4 potions of heal wounds {unknown}
 d - 2 potions of lignification {unknown}
 f - 2 potions of curing
 g - 3 potions of might {unknown}
 h - 2 potions of flight {unknown}
 j - a potion of berserk rage {unknown}
 l - a potion of ambrosia {unknown}
 p - a potion of attraction {unknown}
 r - a potion of resistance {unknown}


   Skills:
 + Level 0.7 Fighting
 + Level 1.2 Maces & Flails
 + Level 2.9 Dodging
 + Level 4.4 Stealth
 + Level 3.7 Spellcasting
 + Level 6.4 Conjurations


You had 6 spell levels left.
You knew the following spells:

 Your Spells              Type           Power      Damage    Failure   Level
a - Magic Dart            Conj           100%       1d8       1%          1
b - Searing Ray           Conj           64%        2d6       1%          2
c - Iskenderun's Mystic   Conj/Tloc      18%        2d6       12%         4

Your spell library contained the following spells:

 Spells                   Type           Power      Damage    Failure   Level
 Dazzling Flash           Conj/Hex       36%        N/A       3%          3
 Mephitic Cloud           Conj/Pois/Air  13%        N/A       6%          3
 Call Imp                 Summ           4%         N/A       7%          2
 Fulminant Prism          Conj/Hex       9%         3d7       12%         4
 Frozen Ramparts          Ice            8%         1d2       14%         3
 Ice Form                 Ice/Tmut       4%         N/A       41%         4
 Summon Ice Beast         Ice/Summ       4%         N/A       41%         4


Dungeon Overview and Level Annotations

Branches:
Dungeon (4/15)
 Temple: D:4-7

Altars:


Innate Abilities, Weirdness & Mutations

You cannot wear most types of armour.
You are amphibious.
You can wear up to eight rings at the same time.
Your skin changes colour to match your surroundings (Stealth+).
Your rubbery body absorbs attacks. (AC +1, EV +1)
((You are camouflaged when in or above water. (Stealth+)))
You have tentacles for arms and can constrict up to eight enemies at once.


Message History

The ogre shouts!
Casting: Magic Dart (safe; 1% risk of failure)
Confirm with . or Enter, or press ? or * to list all spells.
Aiming: Magic Dart (safe; 1% risk of failure)
Press: ? - help, Shift-Dir - straight line, f - ogre
Aim: an ogre, wielding a +0 giant spiked club (100% to hit)
The magic dart hits the ogre!
The ogre is moderately wounded.
The hound barks!
A hound comes into view.
Casting: Magic Dart (safe; 1% risk of failure)
Confirm with . or Enter, or press ? or * to list all spells.
Aiming: Magic Dart (safe; 1% risk of failure)
Press: ? - help, Shift-Dir - straight line, f/p - ogre
Aim: an ogre, wielding a +0 giant spiked club (moderately wounded, 100% to hit)
The magic dart hits the ogre.
The ogre is heavily wounded.
The hound barks!
You hit the ogre but do no damage.
Your weapon exudes an aura of protection.
You squeeze the ogre, but do no damage.
The ogre is heavily wounded.
The ogre closely misses you.
You thump the ogre! Your squeeze misses the ogre.
The ogre is severely wounded.
The hound bites you. The hound closely misses you.
The ogre hits you with a +0 giant spiked club!
The hound closely misses you. x2
You hit the ogre.
The ogre is almost dead.
The hound bites you but does no damage. x3
The ogre hits you with a +0 giant spiked club!
The hound bites you but does no damage.
You completely miss the ogre.
The ogre is almost dead.
The hound bites you but does no damage. x2; The hound bites you.
* * * LOW HITPOINT WARNING * * *
The ogre hits you with a +0 giant spiked club!!
Ouch! That really hurt!
You die...

#### #####
...###################...#
...'.....................#
...#####..........###....###
..^......########.#
##.....###### .........# #.#
#...#....... .........#
#####.####...#..#####
##.......#
##..h@..$..####..#
.........# #..#hO####.[#
#... #.######.# #.##.## ##
#.#.. #.# #.# #.#..# .#
#.##.. #.######.###.#... ..#
#.# #.# #............##..
#.# .... ..
############..####..#....
#...# #.....).......
###...#####.......#.....


You could see an ogre and 2 hounds.

Vanquished Creatures
  Sigmund (D:2)
  A phantom (D:4)
  A scorpion (D:4)
  Terence (D:2)
  Robin (D:2)
  8 adders
  An ufetubus (D:4)
  2 worms
  2 dart slugs (D:2)
  4 orcs
  2 bats
  4 endoplasms
  4 giant cockroaches
  11 goblins
  11 hobgoblins
  7 kobolds
  2 quokkas
  5 ball pythons
  7 frilled lizards
  4 rats
79 creatures vanquished.

Notes
Turn   | Place    | Note
-------+----------+-------------------------------------------
     0 | D:1      | Sabo the Octopode Conjurer began the quest for the Orb.
     0 | D:1      | Reached XP level 1. HP: 11/11 MP: 3/3
   302 | D:1      | Found a faded altar of an unknown god.
   808 | D:1      | Reached XP level 2. HP: 17/17 MP: 0/5
  1068 | D:2      | Noticed Robin
  1402 | D:2      | Reached XP level 3. HP: 20/21 MP: 1/6
  1780 | D:2      | Reached skill level 5 in Conjurations
  1780 | D:2      | Reached XP level 4. HP: 27/27 MP: 3/7
  1785 | D:2      | Noticed Sigmund
  1850 | D:2      | Killed Sigmund
  1851 | D:2      | Reached XP level 5. HP: 14/31 MP: 1/9
  1851 | D:2      | Reached XP level 6. HP: 17/36 MP: 1/10
  1867 | D:2      | Noticed Terence
  1946 | D:2      | Killed Terence
  1947 | D:2      | Reached skill level 6 in Conjurations
  2259 | D:2      | Killed Robin
  2414 | D:3      | Learned a level 2 spell: Searing Ray
  2419 | D:3      | Learned a level 4 spell: Iskenderun's Mystic Blast
  3696 | D:4      | Reached skill level 1 in Maces & Flails
  3696 | D:4      | Reached XP level 7. HP: 30/42 MP: 10/12
  4510 | D:4      | Mangled by an ogre

Illustrated notes

Levels and vault maps discovered:
D:1:      arrival_zaba_pyramid, layout_loops_ring,
          dreamdust_ecumenical_altar_grove
D:2:      layout_rooms, uniq_terence, uniq_robin, uniq_sigmund
D:3:      layout_loops_ring
D:4:      layout_basic, minmay_close_crescents, uniq_pikel

Skill      XL: |  1  2  3  4  5  6 |
---------------+-------------------+-----
Stealth        | 3 4 |  4.4
Conjurations   | 5 6 |  6.4
Spellcasting   | 3 |  3.7
Maces & Flails | 1 |  1.2
Fighting       | |  0.7
Dodging        | |  2.9

Action                     |  1- 3 |  4- 6 |  7- 9 || total
---------------------------+-------+-------+-------++-------
  Melee: Tentacles         |     5 |     6 |     1 ||    12
         Constrict         |     2 |     4 |       ||     6
         Unarmed           |     1 |       |       ||     1
         Short sword       |     2 |       |       ||     2
         Mace              |     5 |    21 |     5 ||    31
         Flail             |       |    12 |       ||    12
         Punch             |       |     1 |       ||     1
   Cast: Magic Dart        |    60 |    68 |    39 ||   167
    Use: Scroll            |     3 |     4 |       ||     7
 Armour: Skin              |     1 |     3 |     6 ||    10
  Dodge: Dodged            |     6 |    29 |     5 ||    40

Table legend: (Time is in decaauts)
 A = Elapsed time spent in this place.
 B = Non-inter-level travel time spent in this place.
 C = Inter-level travel time spent in this place.
 D = Time resting spent in this place.
 E = Time spent auto-exploring this place.
 F = Levels seen in this place.
 G = Mean time per level.
                   A        B        C        D        E       F      G
               +--------+--------+--------+--------+--------+-----+--------+
         Total |   4521 |   4521 |      0 |   1617 |      0 |   4 | 1130.2 |
       Dungeon |   4521 |   4521 |      0 |   1617 |      0 |   4 | 1130.2 |
               +--------+--------+--------+--------+--------+-----+--------+

Top non-repeatable levels by time:
     D:2: 1411 daAuts
     D:3: 1096 daAuts
     D:4: 1032 daAuts
     D:1: 981 daAuts
